 Dungeon Crawl Stone Soup version 0.29-a0-364-g921d912d32 (webtiles) character file.

Game seed: 11158583002539320584

639275 Ijustatesigmund the Sorcerer (level 27, 0/158 HPs)
             Began as a Deep Elf Conjurer on Apr 26, 2022.
             Was the Champion of Cheibriados.
             Slain by Adantom the pandemonium lord (15 damage)
             ... on level 12 of a ziggurat on Apr 30, 2022.
             The game lasted 08:51:28 (104645 turns).

Ijustatesigmund the Sorcerer (Deep Elf Conjurer)  Turns: 104645, Time: 08:51:29

Health: 0/158      AC: 25    Str: 23    XL:     27
Magic:  15/61      EV: 29    Int: 68    God:    Cheibriados [******]
Gold:   4221       SH: 11    Dex: 33    Spells: 0/70 levels left

rFire   + . .      SeeInvis +   h - +9 short sword of Hepliaklqana's Pride {flame, +Blink Int+3}
rCold   . . .      Faith    .   U - +3 buckler {reflect}
rNeg    + + .      Spirit   .   a - +4 troll leather armour
rPois   +          Reflect  +   i - +3 hat of Pondering {ponderous, Will+ MP+10 Int+5}
rElec   .          Harm     .   q - +2 cloak {rPois}
rCorr   +          Rampage  .   T - +2 pair of gloves {Dex+3}
Will    ++++.                   D - +0 pair of boots "Cevyffoo" {Regen+ Str+6 Dex-2}
Stlth   ++++++++..              R - amulet of Xuaclom {rF+ Regen+ Int+5}
HPRegen 2.76/turn               Q - ring "Merho" {rCorr AC+4 Dex+4}
MPRegen 0.37/turn               m - ring of the Sky {rN++ EV+4 Slay-3 SInv}

@: studying Armour, silenced, unable to drink, very slow
A: clever 1, strong-willed 1, weak 1
}: 4/15 runes: serpentine, barnacled, slimy, silver
a: Renounce Religion, Evoke Blink


You were on level 12 of a ziggurat.
You worshipped Cheibriados.
Cheibriados was exalted by your worship.
You visited 12 branches of the dungeon, and saw 53 of its levels.
You visited the Abyss 2 times.
You visited 2 bazaars.
You visited 1 ziggurat, and saw 12 of its levels.
You also visited: Gauntlet.

You collected 8519 gold pieces.
You spent 4298 gold pieces at shops.

Inventory:

Hand Weapons
 h - the +9 short sword of Hepliaklqana's Pride (weapon) {flame, +Blink Int+3}
   (You bought it in a shop on level 3 of the Shoals)

   It burns those it strikes, dealing additional fire damage.
   Int:       It affects your intelligence (+3).
   +Blink:    It lets you blink.
Armour
 a - a +4 troll leather armour (worn)
 b - +3 pearl dragon scales
 i - the +3 hat of Pondering (worn) {ponderous, Will+ MP+10 Int+5}
   (You found it on level 2 of the Snake Pit)

   Int:       It affects your intelligence (+5).
   MP:        It affects your magic capacity (+10).
   Will:      It increases your willpower.
 q - a +2 cloak of poison resistance (worn)
 D - the +0 pair of boots "Cevyffoo" (worn) {Regen+ Str+6 Dex-2}
   (You found it on level 11 of a ziggurat)

   Str:       It affects your strength (+6).
   Dex:       It affects your dexterity (-2).
   Regen:     It increases your rate of health regeneration.
 T - a +2 pair of gloves of dexterity (worn)
 U - a +3 buckler of reflection (worn)
Magical Staves
 S - a staff of fire
Jewellery
 k - the ring "Lodoffeu" {rF+ Str+4 SInv}
   (You found it on level 5 of the Pits of Slime)

   [ring of see invisible]

   Str:       It affects your strength (+4).
   rF:        It protects you from fire.
   SInv:      It lets you see invisible.
 m - the ring of the Sky (right hand) {rN++ EV+4 Slay-3 SInv}
   (You acquired it on level 3 of the Elven Halls)

   [ring of evasion]

   EV:        It affects your evasion (+4).
   Slay:      It affects your accuracy & damage with ranged weapons and melee
   (-3).
   rN:        It greatly protects you from negative energy.
   SInv:      It lets you see invisible.
 r - a ring of ice
 u - a ring of wizardry
 x - a ring of see invisible
 y - a ring of protection from fire
 C - a ring of positive energy
 F - the ring of the Tortoise {AC+8}
   (You found it on level 11 of a ziggurat)

   [ring of protection]

   AC:        It affects your AC (+8).
 G - an amulet of magic regeneration
 M - an amulet of reflection
 Q - the ring "Merho" (left hand) {rCorr AC+4 Dex+4}
   (You found it on level 12 of the Dungeon)

   [ring of protection]

   AC:        It affects your AC (+4).
   Dex:       It affects your dexterity (+4).
   rCorr:     It protects you from acid and corrosion.
 R - the amulet of Xuaclom (around neck) {rF+ Regen+ Int+5}
   (You took it off a deep elf annihilator on level 3 of the Elven Halls)

   [amulet of regeneration]

   Int:       It affects your intelligence (+5).
   rF:        It protects you from fire.
   Regen:     It increases your rate of health regeneration.
 X - a ring of protection from cold
Wands
 f - a wand of charming (19)
 g - a wand of iceblast (10)
 n - a wand of polymorph (22)
 J - a wand of acid (5)
 L - a wand of digging (9)
 Y - a wand of flame (34)
Scrolls
 c - 7 scrolls of teleportation
 t - 15 scrolls of amnesia
 v - 3 scrolls of blinking
 w - 14 scrolls of enchant weapon
 E - 8 scrolls of immolation
 N - 10 scrolls of silence
 O - 4 scrolls of fog
 P - a scroll of fear
 V - 3 scrolls of holy word
 Z - 6 scrolls of magic mapping
Potions
 d - 12 potions of mutation
 e - 3 potions of flight
 j - 13 potions of attraction
 l - 6 potions of lignification
 o - 21 potions of curing
 p - 4 potions of heal wounds
 s - a potion of berserk rage
 z - 2 potions of might
 A - 5 potions of cancellation
 B - 9 potions of brilliance
 H - a potion of invisibility
 I - 2 potions of magic
 K - 4 potions of resistance
Miscellaneous
 W - a condenser vane (inert)


   Skills:
 + Level 12.5 Fighting
 - Level 7.0(7.9) Short Blades
 - Level 5.0(6.5) Long Blades
 + Level 11.0 Armour
 - Level 11.7 Dodging
 - Level 20.4 Stealth
 - Level 4.6 Shields
 - Level 22.3 Spellcasting
 - Level 18.1 Conjurations
 - Level 14.1 Necromancy
 - Level 14.1 Transmutations
 - Level 16.9 Fire Magic
 - Level 13.2 Earth Magic
 + Level 22.0 Invocations
 + Level 11.7 Evocations


You couldn't memorise any spells.
You knew the following spells:

 Your Spells              Type           Power      Damage    Failure   Level
a - Magic Dart            Conj           100%       1d8       0%          1
b - Searing Ray           Conj           100%       2d8       0%          2
c - Borgnjor's Revivific  Necr           66%        N/A       2%          8
d - Passwall              Tmut/Erth      100%       N/A       0%          2
e - Statue Form           Tmut/Erth      88%        N/A       1%          6
f - Lehudib's Crystal Sp  Conj/Erth      69%        10d16     1%          8
g - Iron Shot             Conj/Erth      69%        9d13      1%          6
h - Blink                 Tloc           100%       N/A       1%          2
i - Ignite Poison         Fire/Tmut/Pois 100%       N/A       0%          3
j - Necromutation         Tmut/Necr      66%        N/A       2%          8
k - Ignition              Fire           70%        3d19      1%          8
l - Fire Storm            Conj/Fire      71%        8d18      9%          9
m - Spellforged Servitor  Conj/Summ      57%        N/A       2%          7

Your spell library contained the following spells:

 Spells                   Type           Power      Damage    Failure   Level
 Animate Skeleton         Necr           100%       N/A       0%          1
 Beastly Appendage        Tmut           100%       N/A       0%          1
 Pain                     Necr           100%       1d9       0%          1
 Sandblast                Erth           100%       2d20      0%          1
 Sting                    Tmut/Pois      100%       1d8       0%          1
 Corpse Rot               Necr/Air       100%       N/A       0%          2
 Scorch                   Fire           100%       2d10      0%          2
 Wereblood                Tmut           100%       N/A       0%          2
 Dazzling Flash           Conj/Hex       100%       N/A       0%          3
 Inner Flame              Hex/Fire       100%       N/A       0%          3
 Stone Arrow              Conj/Erth      100%       3d13      0%          3
 Vampiric Draining        Necr           100%       2d13      0%          3
 Animate Dead             Necr           66%        N/A       0%          4
 Dispel Undead            Necr           100%       3d31      0%          4
 Petrify                  Tmut/Erth      100%       N/A       0%          4
 Sticky Flame             Conj/Fire      100%       2d11      0%          4
 Agony                    Necr           100%       N/A       0%          5
 Excruciating Wounds      Necr           66%        N/A       0%          5
 Irradiate                Conj/Tmut      69%        3d36      0%          5
 Lee's Rapid Deconstruct  Erth           65%        3d31*     0%          5
 Freeze                   Ice            100%       1d11      1%          1
 Slow                     Hex            100%       N/A       1%          1
 Summon Small Mammal      Summ           100%       N/A       1%          1
 Ensorcelled Hibernation  Hex/Ice        100%       N/A       1%          2
 Poisonous Vapours        Pois/Air       100%       N/A       1%          2
 Call Canine Familiar     Summ           66%        N/A       1%          3
 Confusing Touch          Hex            66%        N/A       1%          3
 Frozen Ramparts          Ice            100%       1d12      1%          3
 Lesser Beckoning         Tloc           66%        N/A       1%          3
 Mephitic Cloud           Conj/Pois/Air  100%       N/A       1%          3
 Ozocubu's Armour         Ice            66%        N/A       1%          3
 Portal Projectile        Hex/Tloc       100%       N/A       1%          3
 Spider Form              Tmut/Pois      100%       N/A       1%          3
 Summon Guardian Golem    Hex/Summ       66%        N/A       1%          3
 Swiftness                Air            66%        N/A       1%          3
 Cause Fear               Hex            33%        N/A       1%          4
 Fulminant Prism          Conj/Hex       57%        3d25      1%          4
 Hailstorm                Conj/Ice       100%       3d20      1%          4
 Iskenderun's Mystic Bla  Conj/Tloc      100%       2d19      1%          4
 Leda's Liquefaction      Hex/Erth       52%        N/A       1%          4
 Olgreb's Toxic Radiance  Pois           66%        N/A       1%          4
 Passage of Golubria      Tloc           66%        N/A       1%          4
 Summon Lightning Spire   Summ/Air       66%        N/A       1%          4
 Freezing Cloud           Conj/Ice/Air   51%        6-21      1%          5
 Lightning Bolt           Conj/Air       57%        1d80      1%          5
 Death Channel            Necr           66%        N/A       1%          6
 Simulacrum               Ice/Necr       53%        N/A       1%          6
 Dragon Form              Tmut           66%        N/A       1%          7
 Orb of Destruction       Conj           72%        9d17      1%          7
 Infestation              Necr           66%        N/A       2%          8
 Manifold Assault         Tloc           66%        N/A       3%          5
 Metabolic Englaciation   Hex/Ice        33%        N/A       3%          5
 Silence                  Hex/Air        33%        N/A       3%          5
 Haunt                    Necr/Summ      53%        N/A       4%          7
 Storm Form               Tmut/Air       53%        N/A       4%          7
 Summon Cactus Giant      Summ           33%        N/A       17%         6
 Shatter                  Erth           65%        3d48*     43%         9
 Monstrous Menagerie      Summ           33%        N/A       67%         7
 Ozocubu's Refrigeration  Ice            33%        4d11      67%         7
 Summon Hydra             Summ           33%        N/A       67%         7
 Chain Lightning          Conj/Air       57%        3d76      95%         9
 Maxwell's Capacitive Co  Air            33%        ∞         100%        8
 Dragon's Call            Summ           33%        N/A       100%        9
 Polar Vortex             Ice            33%        N/A       100%        9


Dungeon Overview and Level Annotations

Branches:
Dungeon (15/15)            Temple (1/1) D:7            Lair (6/6) D:10
 Shoals (4/4) Lair:2        Snake (4/4) Lair:4        Slime (5/5) Lair:5
    Orc (2/2) D:9             Elf (3/3) Orc:2        Vaults (5/5) D:13
  Crypt (3/3) Vaults:3       Tomb (1/3) Crypt:3      Depths (4/4) D:15
    Zot (0/5) Depths:4    Gauntlet (visited)

Altars:
Ashenzari
Cheibriados
Dithmenos
Elyvilon
Fedhas
Gozag
Hepliaklqana
Kikubaaqudgha
Makhleb
Nemelex Xobeh
Okawaru
Qazlal
Ru
Sif Muna
Trog
Uskayaw
Vehumet
Wu Jian
Xom
Yredelemnul
Zin
The Shining One
Jiyva
Lugonu

Shops:
D:4 ?   D:8 *[   D:10 ?   Orc:2 ([*=   Elf:2 *   Elf:3 *   Shoals:3 !!((
Snake:4 :***   Vaults:3 [   Vaults:5 *   Depths:4 ==:

Portals:
Hell: Depths:1 Depths:2 Depths:3 Depths:4
Abyss: Lair:6 Depths:3 Depths:4
Pandemonium: Depths:1 Depths:2 Depths:3 Depths:4
Trove: D:10 (give 2 scrolls of acquirement)

Annotations:
Lair:3 2 transporters
Zig:12 exclusion: orange crystal statue


Innate Abilities, Weirdness & Mutations

Your mind is acute. (Int +2)
You are strong-willed. (Will+)
You are weak. (Str -2)


Message History

The fireball engulfs the orange crystal statue!
The orange crystal statue resists.
The orange crystal statue is severely damaged.
The fireball engulfs the Killer Klown!
The Killer Klown is severely wounded.
The fireball engulfs Jurorgha.
Jurorgha completely resists.
Jurorgha is lightly wounded.
The fireball engulfs Adantom.
Adantom resists.
Adantom is lightly wounded.
The fireball engulfs Mystrev!!
Mystrev resists.
Mystrev is moderately wounded.
The fireball engulfs Mystrev!
Mystrev resists.
Mystrev is heavily wounded.
The fireball engulfs Adantom!
Adantom resists.
Adantom is moderately wounded.
The fireball engulfs Jurorgha.
Jurorgha resists.
Jurorgha is lightly wounded.
The fireball engulfs the orange crystal statue.
The orange crystal statue resists.
The orange crystal statue is severely damaged.
Adantom completely misses you. You block Jurorgha's attack.
Adantom trunk-slaps you but does no damage.
Space warps around you.
A cyan ugly thing comes into view.
You cannot cast spells when silenced!
Jurorgha attacks as you move away! Jurorgha misses you. x2
Adantom trunk-slaps you but does no damage.
The Killer Klown pies you viciously! The klown pie hits you!!
Lemon!
You feel unable to drink. Jurorgha hits you!!! Space warps horribly around you.
Adantom trunk-slaps you!! Space warps around you.
The orange crystal statue glitters.
Send 'em back where they came from!
Your spellforged servitor shudders.
Jurorgha hits you!!
* * * LOW HITPOINT WARNING * * *
Space warps around you.
* * * LOW HITPOINT WARNING * * *
Adantom trunk-slaps you!
You die...

▓▓▓ ......▓
.......▓▓
........▓▓
.........▓▓
.....p....▓▓
..8........▓▓
..u.&.....∩.▓
...4...&@..▓▓
.....9.&..▓▓
.........▓▓
........▓▓
.......▓▓
......▓
▓▓▓▓▓▓


You could see Adantom, Jurorgha, Mystrev (silencing, unsilenced), a Killer Klown
(unsilenced), an orange crystal statue (unsilenced, ally target), a cyan ugly
thing, a chaos spawn (summoned) and a friendly spellforged servitor (summoned).

Vanquished Creatures
  the Royal Jelly (Slime:5)
  A juggernaut (Depths:2)
  A royal mummy (Tomb:1)
  A Killer Klown (Zig:4)
  A curse toe (Crypt:3)
  Margery (Vaults:3)
  2 caustic shrikes (Zig:11)
  4 golden dragons
  A pearl dragon (Zig:3)
  3 bone dragons
  A profane servitor (Abyss:3)
  A pandemonium lord (Zig:9)
  A shard shrike zombie (Crypt:3)
  A Tzitzimitl (Zig:10)
  A hellephant (Zig:11)
  5 tentacled monstrosities
  3 quicksilver dragons
  9 liches
  6 titans
  3 deep elf master archers (Elf:3)
  A walking divine tome (Depths:4)
  A walking frostbound tome (Depths:2)
  A deep elf blademaster (Elf:3)
  Gastronok (Lair:2)
  A kraken (Shoals:3)
  27 acid blobs
  10 ancient champions
  13 sphinxes
  8 shadow dragons
  5 tentacled starspawn
  A storm dragon (Vaults:5)
  3 revenants
  The ghost of Vabbol the Brawler, a journeyman TrBr of Wu Jian (Shoals:3)
  2 draconian monks
  Donald (Shoals:2)
  Roxanne (Elf:2)
  2 tengu reavers
  A daeva (Depths:3)
  16 rockslimes
  4 fire giants
  13 frost giants
  7 deep elf sorcerers (Elf:3)
  11 azure jellies
  5 cacodemons
  10 vault wardens
  6 nagarajas
  An iron dragon (Depths:3)
  A ghost moth (Zig:6)
  A draconian scorcher (Depths:4)
  2 balrugs
  6 ghouls
  An angel (Depths:3)
  A draconian stormcaller (Abyss:4)
  3 deep elf elementalists
  2 spriggan defenders (Depths:4)
  4 curse skulls
  12 quicksilver oozes
  21 ironbound preservers
  3 war gargoyles
  3 reapers (Crypt:2)
  18 very ugly things
  9 ironbound thunderhulks
  An ophan (Abyss:3)
  A juggernaut skeleton (D:15)
  13 stone giants
  A black draconian (Depths:4)
  2 bennus (Tomb:1)
  A green draconian (Depths:4)
  A purple draconian (Depths:4)
  6 entropy weavers
  Azrael (Elf:1)
  11 vampire knights
  An apis (Zig:3)
  4 deep elf demonologists (Elf:3)
  9 deep elf annihilators
  4 minotaurs
  17 dire elephants
  9 spark wasps
  4 white draconians
  3 eidola
  2 green deaths
  8 ettins
  3 blizzard demons
  6 deep elf death magi
  12 fire dragons
  16 jiangshi
  7 mummy priests (Tomb:1)
  3 merfolk javelineers
  4 merfolk impalers
  A spectral kraken (Shoals:3)
  33 vault guards
  8 deep elf high priests
  13 yaktaur captains
  A salamander tyrant (Snake:3)
  11 great orbs of eyes
  10 hydras
  A quicksilver dragon skeleton (Crypt:2)
  2 ogre magi
  2 ghost crabs (Shoals:3)
  3 alligator snapping turtles (Shoals:4)
  A hell beast (Zig:9)
  8 ice dragons
  7 rakshasas
  A boulder beetle (D:8)
  A spriggan air mage (Depths:2)
  5 merfolk avatars
  8 centaur warriors
  A jorogumo (Zig:6)
  18 anacondas
  9 ironbound frosthearts
  2 deep troll shamans
  4 death knights
  26 dancing weapons
  17 satyrs
  2 two-headed ogres
  3 merfolk aquamancers
  9 tengu warriors
  Erica (D:9)
  9 death yaks
  7 deep troll earth magi
  4 orc high priests
  13 naga warriors
  4 thrashing horrors
  A spriggan berserker (Depths:1)
  2 titan zombies
  14 vampire magi
  6 shock serpents
  2 spriggans (Depths:4)
  A storm dragon zombie (Crypt:3)
  8 wretched stars
  Amaemon (Lair:2)
  11 naga sharpshooters
  5 shadow wraiths
  13 deep elf knights
  2 titan skeletons
  16 hell knights
  4 iron trolls
  2 sixfirhies (Gauntlet)
  2 spatial maelstroms (Abyss:3)
  34 skeletal warriors
  3 soul eaters
  An entropy weaver zombie (Crypt:3)
  5 salamander mystics
  4 flayed ghosts
  A quicksilver dragon simulacrum (Depths:1)
  8 sea snakes
  2 orb spiders
  17 starcursed masses
  An iron giant zombie (Crypt:3)
  A spriggan druid (Zig:11)
  A cherub (Zig:3)
  A sea snake (shapeshifter) (Depths:4)
  4 wizards
  3 orange crystal statues (Zig:4)
  6 deep elf archers
  8 glowing orange brains
  17 naga ritualists
  An obsidian statue (Shoals:1)
  2 bog bodies
  A shadow demon (Zig:9)
  A harpy (shapeshifter) (Elf:3)
  14 ironbound convokers
  58 deep trolls
  17 phantasmal warriors
  6 orc knights
  Pikel (D:7)
  24 harpies
  10 necromancers
  14 lindwurms
  3 golden dragon skeletons
  19 deep elf pyromancers
  21 deep elf zephyrmancers
  A mana viper (shapeshifter) (Vaults:4)
  4 orc sorcerers
  44 ugly things
  20 mana vipers
  6 cyclopes
  A stone giant zombie (Crypt:3)
  10 shining eyes
  3 draconians (Abyss:4)
  9 manticores
  2 will-o-the-wisps (Abyss:3)
  A worldbinder (Abyss:3)
  9 elephants
  A sphinx skeleton (D:15)
  15 fauns
  19 salamanders
  17 vault sentinels
  8 guardian serpents
  3 ice statues
  39 black mambas
  A torpor snail (shapeshifter) (Vaults:5)
  2 centaur skeletons
  A centaur zombie (Crypt:3)
  7 merfolk sirens
  2 titan simulacra
  4 rust devils
  4 apocalypse crabs
  3 eyes of devastation
  7 smoke demons
  A rime drake (shapeshifter) (Lair:6)
  16 cane toads
  17 naga magi
  5 orange demons
  2 gargoyles
  5 kobold demonologists
  3 torpor snails
  11 water nymphs
  12 komodo dragons
  8 ancient zymes
  A demonic crawler (Abyss:3)
  2 unseen horrors
  3 hellions
  A redback zombie (Crypt:2)
  A bunyip simulacrum (Crypt:1)
  10 freezing wraiths
  2 spectral merfolk (Shoals:3)
  2 rime drakes
  A purple draconian skeleton (Crypt:2)
  A naga skeleton (Crypt:3)
  3 efreet
  A tormentor (Zig:9)
  A tengu conjurer (Depths:2)
  19 yaktaurs
  11 guardian mummies (Tomb:1)
  4 ice devils
  A yellow draconian skeleton (Crypt:1)
  A harpy zombie (Crypt:3)
  A hydra zombie (Crypt:3)
  4 hellwings
  27 merfolk
  5 trolls
  3 red devils
  3 hornets
  A merfolk (shapeshifter) (Lair:6)
  5 wind drakes
  5 polar bears
  A tarantella (shapeshifter) (Lair:6)
  108 slime creatures
  3 spriggan zombies
  22 large abominations
  An ettin zombie (Abyss:2)
  21 raiju
  A shadow dragon simulacrum (Crypt:3)
  A spectral manticore (Shoals:3)
  A hydra skeleton (Crypt:3)
  28 blink frogs
  A raiju (shapeshifter) (D:13)
  10 snapping turtles
  A jumping spider (Zig:6)
  5 dream sheep
  A guardian serpent zombie (Crypt:2)
  A jumping spider (shapeshifter) (Abyss:3)
  2 shadows
  2 spriggan skeletons
  Sigmund (D:5)
  7 flying skulls
  A satyr skeleton (Crypt:1)
  27 small abominations
  6 fire dragon skeletons (Crypt:2)
  2 air elementals (Elf:1)
  A naga simulacrum (Crypt:3)
  6 ushabtiu (Tomb:1)
  12 wraiths
  4 ynoxinuls
  6 water elementals
  2 basilisks (shapeshifter)
  3 wyverns
  4 fire bats (Abyss:2)
  29 yaks
  2 vampires
  4 fire elementals
  6 golden eyes (Slime:4)
  5 basilisks
  A black mamba skeleton (Crypt:3)
  8 chaos spawn
  9 neqoxecs
  7 redbacks
  A steam dragon (D:8)
  Menkaure (D:5)
  4 wargs
  A harpy simulacrum (Crypt:3)
  4 swamp worms (Gauntlet)
  4 spatial vortices (Abyss:3)
  13 water moccasins
  A naga zombie (Crypt:3)
  A floating eye (Slime:3)
  6 hell hounds (Elf:1)
  35 nagas
  2 spectral snapping turtles (Shoals:3)
  2 ice beasts
  A sky beast (D:7)
  A black bear (shapeshifter) (D:14)
  An ettin simulacrum (Crypt:1)
  36 orc warriors
  3 boggarts (Vaults:2)
  3 black bears
  An ogre (shapeshifter) (D:13)
  A snapping turtle skeleton (Crypt:3)
  4 ogres
  6 centaurs
  A lemure (D:7)
  A dream sheep skeleton (Crypt:2)
  A phantom (D:5)
  4 kobold brigands
  A gnoll sergeant (D:8)
  4 necrophages
  2 earth elementals
  A draconian skeleton (Crypt:3)
  4 scorpions
  12 bullfrogs
  A cyclops zombie (Crypt:3)
  A yaktaur skeleton (Crypt:2)
  A water moccasin zombie (Crypt:1)
  A hornet simulacrum (D:8)
  8 wights
  A warg zombie (Crypt:2)
  10 killer bees (D:9)
  A warg skeleton (Crypt:3)
  3 howler monkeys (D:7)
  4 electric eels
  A wolf zombie (Crypt:1)
  25 orc priests
  4 hounds
  A gnoll shaman (D:7)
  A black bear skeleton (Crypt:1)
  31 orc wizards
  2 iguanas
  A centaur simulacrum (D:8)
  21 mummies (Tomb:1)
  2 killer bee simulacra (D:8)
  8 gnolls
  13 adders
  A shadow imp (D:7)
  A howler monkey simulacrum (D:8)
  5 white imps
  5 ufetubi
  4 worms
  3 dart slugs
  108 orcs
  8 endoplasms
  4 giant cockroaches
  5 goblins
  6 hobgoblins
  6 quokkas
  7 ball pythons
  4 bats (D:1)
  3 frilled lizards
  A frilled lizard zombie (Crypt:1)
  A jackal zombie (Crypt:1)
  44 kobolds
  An orc zombie (Crypt:3)
  4 rats
  2 starspawn tentacles
  6 tentacles (Shoals:3)
2419 creatures vanquished.

Vanquished Creatures (collateral kills)
  Jorgrun (Orc:2)
  An acid blob (Slime:5)
  2 orc warlords (Orc:2)
  A great orb of eyes (Vaults:2)
  An orc high priest (Orc:2)
  An orange crystal statue (Zig:12)
  A salamander (Snake:4)
  A naga mage (Snake:2)
  A tyrant leech (Gauntlet)
  A warg (Orc:2)
  3 orc warriors (Orc:2)
  A bullfrog (D:8)
  5 orc priests
  8 orcs (Orc:2)
  A bat (D:1)
  A frilled lizard (D:1)
30 creatures vanquished.

Vanquished Creatures (others)
  A war gargoyle (Vaults:5)
  A yaktaur captain (Vaults:2)
  A hydra (Zig:11)
  A slime creature (Slime:2)
  A black mamba (Snake:4)
  A vault sentinel (Vaults:5)
  3 nagas (Snake:4)
  2 orc warriors (Orc:2)
  An orc wizard (Orc:2)
  2 bushes (Lair:6)
  10 demonic plants
  22 fire vortices
  2 foxfires (Abyss:3)
  71 fungi
  A lurking horror (Abyss:4)
  144 plants
  7 starspawn tentacles
  18 tentacles (Shoals:3)
  16 withered plants
305 creatures vanquished.

Grand Total: 2754 creatures vanquished

Notes
Turn   | Place    | Note
-------+----------+-------------------------------------------
     0 | D:1      | Ijustatesigmund the Deep Elf Conjurer began the quest for
                  | the Orb.
     0 | D:1      | Reached XP level 1. HP: 10/10 MP: 6/6
   344 | D:1      | Reached XP level 2. HP: 15/15 MP: 5/8
   347 | D:1      | Learned a level 2 spell: Searing Ray
  1474 | D:2      | Reached XP level 3. HP: 19/19 MP: 8/10
  1493 | D:2      | Reached skill level 5 in Conjurations
  1937 | D:2      | Reached XP level 4. HP: 24/24 MP: 7/12
  2719 | D:3      | Reached skill level 5 in Spellcasting
  2816 | D:3      | Found a sparkling altar of Nemelex Xobeh.
  2920 | D:3      | Found a faded altar of an unknown god.
  3145 | D:3      | Found a radiant altar of Vehumet.
  3589 | D:4      | Reached XP level 5. HP: 28/28 MP: 11/14
  3712 | D:4      | Found an iron altar of Okawaru.
  3751 | D:4      | Noticed a black bear
  3757 | D:4      | Killed a black bear
  3880 | D:4      | Found Umygent's Magic Scroll Boutique.
  3906 | D:4      | Reached XP level 6. HP: 32/32 MP: 15/17
  3937 | D:4      | Bought a scroll of identify for 20 gold pieces
  3937 | D:4      | Bought a scroll of identify for 20 gold pieces
  3937 | D:4      | Bought a scroll of teleportation for 30 gold pieces
  3937 | D:4      | Bought a scroll of blinking for 75 gold pieces
  3937 | D:4      | Bought a scroll of noise for 10 gold pieces
  4135 | D:5      | Entered Level 5 of the Dungeon
  4475 | D:5      | Noticed Sigmund
  4479 | D:5      | Killed Sigmund
  4691 | D:5      | Learned a level 3 spell: Stone Arrow
  4726 | D:5      | Reached XP level 7. HP: 36/36 MP: 12/19
  5153 | D:5      | Reached skill level 1 in Earth Magic
  5951 | D:5      | Noticed Menkaure
  5955 | D:5      | Killed Menkaure
  6174 | D:5      | Reached skill level 5 in Dodging
  6537 | D:5      | Reached XP level 8. HP: 22/41 MP: 17/21
  7029 | D:6      | Reached skill level 5 in Earth Magic
  7285 | D:6      | Found a basalt altar of Yredelemnul.
  8108 | D:7      | Noticed a green ugly thing
  8133 | D:7      | Killed a green ugly thing
  8134 | D:7      | Reached XP level 9. HP: 45/45 MP: 13/24
  8330 | D:7      | Reached skill level 10 in Spellcasting
  8578 | D:7      | Found a staircase to the Ecumenical Temple.
  8588 | Temple   | Entered the Ecumenical Temple
  8654 | Temple   | Became a worshipper of Cheibriados the Contemplative
  8904 | D:7      | Noticed Pikel
  8922 | D:7      | Killed Pikel
  8923 | D:7      | Reached skill level 1 in Fighting
  9235 | D:7      | Found the +2 ratskin cloak {*Rats rPois rN+ Str-1 Int-1
                  | Dex+1}
  9503 | D:7      | Found a shimmering blue altar of Sif Muna.
  9676 | D:7      | Reached skill level 10 in Conjurations
  9911 | D:8      | Noticed a boulder beetle
  9921 | D:8      | Killed a boulder beetle
  9922 | D:8      | Reached XP level 10. HP: 29/56 MP: 14/27
 10451 | D:8      | Reached * piety under Cheibriados
 10945 | D:8      | Reached skill level 1 in Evocations
 11067 | D:8      | Reached skill level 5 in Invocations
 11310 | D:8      | Reached ** piety under Cheibriados
 11316 | D:8      | Found Zin's Purification Station.
 11319 | D:8      | Found a glowing silver altar of Zin.
 12289 | D:8      | Found Lyesumusk's Antique Armour Shoppe.
 12803 | D:8      | Learned a level 2 spell: Passwall
 12881 | D:9      | Found a stormy altar of Qazlal.
 13129 | D:9      | Noticed Erica
 13138 | D:9      | Killed Erica
 13477 | D:9      | Reached *** piety under Cheibriados
 13750 | D:9      | Found a staircase to the Orcish Mines.
 13803 | D:10     | Entered Level 10 of the Dungeon
 13803 | D:10     | Found a glowing golden altar of the Shining One.
 14186 | D:10     | Found a shadowy altar of Dithmenos.
 14278 | D:10     | Reached XP level 11. HP: 60/60 MP: 20/29
 14379 | D:11     | Reached **** piety under Cheibriados
 14395 | D:11     | Noticed a red ugly thing
 14401 | D:11     | Killed a red ugly thing
 14493 | D:11     | Noticed a two-headed ogre
 14498 | D:11     | Killed a two-headed ogre
 14801 | D:11     | Reached skill level 5 in Evocations
 15352 | D:10     | Found a staircase to the Lair.
 15818 | D:10     | Noticed a two-headed ogre
 15822 | D:10     | Killed a two-headed ogre
 15894 | D:10     | Found Tofyon's Magic Scroll Shop.
 15967 | D:9      | Reached ***** piety under Cheibriados
 16562 | D:9      | Upgraded the game from 0.29-a0-356-g7bc237e783 to
                  | 0.29-a0-359-g541a27f54d
 16860 | D:9      | Noticed a centaur warrior
 16867 | D:9      | Killed a centaur warrior
 17441 | D:10     | Bought a scroll of teleportation for 48 gold pieces
 17441 | D:10     | Bought a scroll of blinking for 120 gold pieces
 17462 | D:10     | Found a portal to a secret trove of treasure.
 17980 | D:12     | Noticed a brown ugly thing
 18004 | D:12     | Noticed an orc knight
 18011 | D:13     | Killed a brown ugly thing
 18012 | D:13     | Reached XP level 12. HP: 47/64 MP: 17/32
 18091 | D:13     | Reached skill level 1 in Armour
 18626 | D:12     | Noticed a centaur warrior
 18635 | D:12     | Killed a centaur warrior
 18881 | D:12     | Identified the ring "Merho" {rCorr AC+4 Dex+4}
 19142 | D:13     | Noticed a tengu warrior
 19154 | D:13     | Killed a tengu warrior
 20492 | D:13     | Found a gate to the Vaults.
 20747 | D:13     | Noticed a two-headed ogre
 20747 | D:13     | a death drake changed into a two-headed ogre
 21372 | Lair:1   | Entered Level 1 of the Lair of Beasts
 21415 | Lair:1   | Reached skill level 1 in Shields
 21485 | Lair:1   | Reached skill level 15 in Spellcasting
 21779 | Lair:1   | Identified the +11 shortbow "Fitamn" {vorpal, Str+2 Int+2}
 22205 | Lair:1   | Reached skill level 10 in Invocations
 22212 | Lair:1   | Reached ****** piety under Cheibriados
 23105 | Lair:2   | Noticed a four-headed hydra
 23108 | Lair:2   | Noticed Amaemon
 23422 | Lair:2   | Killed Amaemon
 23558 | Lair:2   | Noticed Gastronok
 23570 | Lair:2   | Killed Gastronok
 23571 | Lair:2   | Reached XP level 13. HP: 69/69 MP: 8/34
 23574 | Lair:2   | Identified the +2 plate armour of Wuilugod {Rampage rElec
                  | rC-}
 23725 | Lair:2   | Found a staircase to the Shoals.
 25099 | Lair:3   | Found a gate leading to a gauntlet.
 25107 | Gauntlet | Entered a Gauntlet
 25107 | Gauntlet | Found a transporter.
 25107 | Gauntlet | Found a transporter.
 25111 | Gauntlet | Found a transporter.
 25111 | Gauntlet | Found a transporter.
 25138 | Gauntlet | Found a transporter.
 25138 | Gauntlet | Identified the amulet "Maurut" {Spirit rF+ Str+7 SInv}
 25237 | Gauntlet | Found a transporter.
 25237 | Gauntlet | Found a transporter.
 25239 | Gauntlet | Found a transporter.
 25244 | Gauntlet | Noticed a reaper
 25256 | Gauntlet | Found a transporter.
 25271 | Gauntlet | Found a runed translucent gate.
 25272 | Gauntlet | Found a runed translucent gate.
 25273 | Gauntlet | Found a runed translucent gate.
 25280 | Gauntlet | Found a transporter.
 25355 | Gauntlet | Found a transporter.
 25356 | Gauntlet | Noticed a minotaur
 25363 | Gauntlet | Killed a minotaur
 25740 | Lair:3   | Found a transporter.
 25837 | Lair:3   | Found a transporter.
 27203 | Lair:4   | Found a staircase to the Snake Pit.
 27211 | Lair:4   | You fall into a shaft and drop 2 floors!
 27211 | Lair:6   | Entered Level 6 of the Lair of Beasts
 28109 | Lair:5   | Reached skill level 10 in Dodging
 28537 | Lair:4   | Reached XP level 14. HP: 74/74 MP: 26/36
 29190 | Lair:5   | Found a staircase to the Slime Pits.
 29190 | Lair:5   | Found a viscous altar of Jiyva.
 30366 | Lair:6   | Got the Collected Works on Earthen Toxins
 30374 | Lair:6   | Learned a level 6 spell: Statue Form
 30383 | Lair:6   | Learned a level 8 spell: Lehudib's Crystal Spear
 30420 | Lair:6   | Reached skill level 1 in Transmutations
 31915 | Lair:6   | Reached skill level 1 in Long Blades
 32765 | Lair:6   | Reached skill level 5 in Transmutations
 33320 | Lair:6   | Found a corrupted altar of Lugonu.
 33320 | Lair:6   | Found a one-way gate to the infinite horrors of the Abyss.
 33342 | Lair:6   | Got the Compendium of the Escort
 33596 | Orc:1    | Entered Level 1 of the Orcish Mines
 33882 | Orc:2    | Entered Level 2 of the Orcish Mines
 33932 | Orc:2    | Found a staircase to the Elven Halls.
 34150 | Orc:2    | Noticed Jorgrun
 34719 | Orc:2    | Killed Jorgrun
 34820 | Orc:2    | Noticed an orc warlord
 34848 | Orc:2    | Killed an orc warlord
 35422 | Orc:2    | Noticed an orc warlord
 35432 | Orc:2    | Killed an orc warlord
 35447 | Orc:2    | Reached XP level 15. HP: 39/80 MP: 16/37
 36376 | Orc:2    | Found Dant's Antique Armour Shop.
 36377 | Orc:2    | Found Fyjaqov's Antique Weapon Boutique.
 36379 | Orc:2    | Found Muaq's General Store.
 36379 | Orc:2    | Found Osytoi's Jewellery Shop.
 36398 | Orc:2    | Bought polished fire dragon scales for 1495 gold pieces
 36398 | Orc:2    | Identified the +1 fire dragon scales of Lyte Mirch {*Slow
                  | rF++ rC- Str+4 Slay+2} (You bought it in a shop on level 2
                  | of the Orcish Mines)
 37228 | D:14     | Identified the +2 scale mail of the Present {rC+++}
 38078 | D:14     | Reached skill level 5 in Fighting
 38974 | D:15     | Entered Level 15 of the Dungeon
 39276 | D:15     | Identified a scroll of acquirement
 39277 | D:15     | Acquired Tikagapnao's Reference Book on Conjuration
 39288 | D:15     | Learned a level 6 spell: Iron Shot
 40501 | D:15     | Found a staircase to the Depths.
 40511 | D:15     | Reached skill level 5 in Long Blades
 40800 | D:15     | Cast into level 2 of the Abyss (a wizard)
 41013 | Abyss:2  | Noticed a revenant
 41016 | Abyss:2  | Killed a revenant
 41172 | Abyss:2  | Noticed a tentacled starspawn
 41522 | Abyss:2  | Noticed a tentacled starspawn
 41536 | Abyss:2  | Killed a tentacled starspawn
 41549 | D:15     | Escaped the Abyss
 41551 | D:15     | Reached skill level 5 in Stealth
 42082 | Snake:1  | Entered Level 1 of the Snake Pit
 42082 | Snake:1  | Found a shimmering altar of Xom.
 42431 | Snake:1  | Identified the +7 chain mail of Discretion {rC+ Str+4
                  | Dex+3}
 42643 | Snake:1  | Reached skill level 1 in Necromancy
 43418 | Snake:2  | Reached XP level 16. HP: 87/87 MP: 19/39
 44091 | Snake:2  | Reached skill level 15 in Conjurations
 44398 | Snake:2  | Reached skill level 10 in Earth Magic
 44611 | Snake:2  | Found an iron altar of Okawaru.
 44762 | Snake:2  | Reached skill level 5 in Armour
 45137 | Snake:2  | Found the +3 hat of Pondering {ponderous, Will+ MP+10
                  | Int+5}
 45588 | Snake:2  | Learned a level 2 spell: Blink
 45815 | Snake:2  | Got the Grimoire of the Ghastly Entourage
 46186 | Snake:3  | Reached skill level 5 in Necromancy
 47134 | Snake:4  | Entered Level 4 of the Snake Pit
 47179 | Snake:4  | Found Vuri's Book Emporium.
 47180 | Snake:4  | Found Ehusoe's Assorted Antiques.
 47180 | Snake:4  | Found Canofam's Assorted Antiques.
 47205 | Snake:4  | Found Uplyl's Assorted Antiques.
 47324 | Snake:4  | Bought a wand of charming (5) for 58 gold pieces
 47330 | Snake:4  | Bought a twitching lapis lazuli ring for 145 gold pieces
 47330 | Snake:4  | Identified the ring "Cutef" {rPois Will+ Dex+6} (You bought
                  | it in a shop on level 4 of the Snake Pit)
 47330 | Snake:4  | Bought a scroll of teleportation for 87 gold pieces
 47536 | Snake:4  | Reached XP level 17. HP: 92/92 MP: 24/41
 48706 | Snake:4  | Got a serpentine rune of Zot
 49057 | Shoals:1 | Entered Level 1 of the Shoals
 49658 | Shoals:1 | Identified the +1 hunting sling of Buhuyniezo {vorpal,
                  | Int+3}
 50040 | Shoals:1 | Found a gateway to a bazaar.
 50058 | Bazaar   | Entered a bazaar
 50058 | Bazaar   | Found Taistrug's Armour Shop.
 50064 | Bazaar   | Found Qiot's Armour Boutique.
 50076 | Bazaar   | Found Hinnir's Weapon Emporium.
 50114 | Bazaar   | Found Secwofet's General Store.
 50122 | Bazaar   | Bought a scroll of enchant armour for 105 gold pieces
 50122 | Bazaar   | Bought a scroll of teleportation for 42 gold pieces
 50200 | Shoals:1 | You fall into a shaft and drop 1 floor!
 51022 | Shoals:3 | Found Hiuhy's Distillery.
 51030 | Shoals:3 | Bought a potion of mutation for 112 gold pieces
 51030 | Shoals:3 | Bought a potion of mutation for 112 gold pieces
 51077 | Shoals:3 | Noticed Donald
 51079 | Shoals:3 | Reached skill level 10 in Evocations
 51209 | Shoals:2 | Killed Donald
 51577 | Shoals:3 | Found Veatsen's Antique Weapon Emporium.
 51674 | Shoals:3 | Found Miogigidd's Antique Weapon Emporium.
 51682 | Shoals:3 | Learned a level 3 spell: Ignite Poison
 51741 | Shoals:3 | Reached skill level 1 in Fire Magic
 51973 | Shoals:3 | Found Fusov's Distillery.
 51980 | Shoals:3 | Reached XP level 18. HP: 101/101 MP: 43/43
 52011 | Shoals:3 | Bought a potion of heal wounds for 80 gold pieces
 52011 | Shoals:3 | Bought a potion of heal wounds for 80 gold pieces
 52205 | Shoals:3 | Found a large runed translucent door.
 52205 | Shoals:3 | Found a large runed translucent door.
 52209 | Shoals:3 | Noticed Vabbol's ghost (journeyman TrBr)
 52219 | Shoals:3 | Killed Vabbol's ghost
 52323 | Shoals:3 | Found a gateway to a bazaar.
 52333 | Bazaar   | Entered a bazaar
 52335 | Bazaar   | Found Wumud's Antique Armour Boutique.
 52339 | Bazaar   | Found Sahaismeo's General Store.
 52339 | Bazaar   | Found Nucsuige's Weapon Boutique.
 52340 | Bazaar   | Found Bomoweh's Armour Boutique.
 52373 | Bazaar   | Bought a pair of glowing boots for 195 gold pieces
 52624 | Shoals:4 | Entered Level 4 of the Shoals
 52883 | Shoals:4 | Reached skill level 5 in Fire Magic
 53198 | Shoals:4 | Identified the +5 trident "Mihass" {drain, Dex+4}
 54391 | Shoals:4 | Reached skill level 10 in Fire Magic
 55149 | Shoals:4 | Got a barnacled rune of Zot
 55850 | Vaults:1 | Entered Level 1 of the Vaults
 57592 | Vaults:1 | Reached XP level 19. HP: 87/105 MP: 27/44
 58677 | Shoals:3 | Bought a shimmering short sword for 296 gold pieces
 58677 | Shoals:3 | Identified the +9 short sword of Hepliaklqana's Pride
                  | {flame, +Blink Int+3} (You bought it in a shop on level 3
                  | of the Shoals)
 58840 | Elf:1    | Entered Level 1 of the Elven Halls
 59029 | Elf:1    | Reached skill level 1 in Short Blades
 59082 | Elf:1    | Paralysed by an air elemental for 1 turns
 59087 | Elf:1    | Paralysed by an air elemental for 1 turns
 59406 | Elf:1    | Noticed Azrael
 59412 | Elf:1    | Killed Azrael
 59880 | Elf:3    | Entered Level 3 of the Elven Halls
 60059 | Elf:2    | Found Pumiwn's Assorted Antiques.
 60466 | Elf:2    | Found a runed translucent gate.
 60466 | Elf:2    | Found a runed translucent gate.
 60467 | Elf:2    | Found a runed translucent gate.
 60510 | Elf:2    | Identified Roxanne's Papyrus of Moulding
 60510 | Elf:2    | Noticed Roxanne
 60517 | Elf:2    | Killed Roxanne
 60529 | Elf:2    | Learned a level 8 spell: Necromutation
 62763 | Elf:3    | Reached skill level 10 in Transmutations
 62916 | Elf:3    | Got the Tome of the Fiery Birds
 63030 | Elf:3    | Found Feoskac's Assorted Antiques.
 63199 | Elf:3    | Identified the +4 flail of Honour {freeze, Contam rN+ MP+9}
 63539 | Elf:3    | Reached XP level 20. HP: 111/111 MP: 34/45
 63652 | Elf:3    | Upgraded the game from 0.29-a0-359-g541a27f54d to
                  | 0.29-a0-362-g5854e031c7
 63717 | Elf:3    | Identified the +4 long sword of Disaster {vamp, Int+4
                  | Dex+4}
 63717 | Elf:3    | Identified the +2 chain mail of the Storm King {Contam Harm
                  | rCorr Dex-4}
 63797 | Elf:3    | Identified the amulet of Xuaclom {rF+ Regen+ Int+5}
 63810 | Elf:3    | Reached skill level 15 in Invocations
 64522 | Elf:3    | Identified the +5 scale mail of Wu Jian, Kissing {Str-2
                  | Int+3 Stlth+}
 64527 | Elf:3    | Reached skill level 10 in Necromancy
 64845 | Elf:3    | Got the Compendium of the Floating Snowflakes
 64871 | Elf:3    | Got the Handbook of the Evil Entourage
 65310 | Depths:1 | Entered Level 1 of the Depths
 66157 | Depths:1 | Reached skill level 10 in Stealth
 66212 | Depths:1 | Got Jiunaedd's Tome of Torrid Evil Secrets
 66230 | Depths:1 | Learned a level 8 spell: Ignition
 66232 | Depths:1 | Found a one-way gate leading to the halls of Pandemonium.
 66233 | Depths:1 | Found a gateway to Hell.
 68347 | Depths:2 | Found an opulent altar of Gozag.
 68359 | Depths:2 | Reached skill level 15 in Fire Magic
 69269 | Depths:3 | Noticed a golden dragon
 69271 | Depths:3 | Killed a golden dragon
 69272 | Depths:3 | Noticed a juggernaut
 69291 | Depths:2 | Killed a juggernaut
 69449 | Depths:3 | Found a shimmering altar of Xom.
 70031 | Depths:3 | Reached skill level 15 in Stealth
 70050 | Depths:3 | Reached XP level 21. HP: 115/115 MP: 7/46
 70962 | Depths:3 | Gained mutation: You have a pair of small antennae on your
                  | head. [a neqoxec]
 70963 | Depths:3 | Gained mutation: You are frail. (-10% HP) [a neqoxec]
 70964 | Depths:3 | Gained mutation: You are very frail. (-20% HP) [a neqoxec]
 71030 | Depths:2 | Lost mutation: You are very frail. (-20% HP) [potion of
                  | mutation]
 71030 | Depths:2 | Lost mutation: You are frail. (-10% HP) [potion of
                  | mutation]
 71030 | Depths:2 | Gained mutation: Your flesh is heat resistant. (rF+)
                  | [potion of mutation]
 71030 | Depths:2 | Gained mutation: You are strong-willed. (Will+) [potion of
                  | mutation]
 71030 | Depths:2 | Gained mutation: Your magical capacity is low. (-10% MP)
                  | [potion of mutation]
 71031 | Depths:2 | Lost mutation: You have a pair of small antennae on your
                  | head. [potion of mutation]
 71031 | Depths:2 | Lost mutation: You are strong-willed. (Will+) [potion of
                  | mutation]
 71031 | Depths:2 | Lost mutation: Your flesh is heat resistant. (rF+) [potion
                  | of mutation]
 71031 | Depths:2 | Gained mutation: You are weak. (Str -2) [potion of
                  | mutation]
 71031 | Depths:2 | Gained mutation: You are clumsy. (Dex -2) [potion of
                  | mutation]
 71032 | Depths:2 | Lost mutation: You are clumsy. (Dex -2) [potion of
                  | mutation]
 71032 | Depths:2 | Lost mutation: Your magical capacity is low. (-10% MP)
                  | [potion of mutation]
 71032 | Depths:2 | Gained mutation: Your mind is acute. (Int +2) [potion of
                  | mutation]
 71032 | Depths:2 | Gained mutation: You are strong-willed. (Will+) [potion of
                  | mutation]
 71153 | Depths:3 | Found a one-way gateway to a ziggurat.
 71408 | D:10     | Bought a scroll of identify for 32 gold pieces
 71408 | D:10     | Bought a scroll of magic mapping for 56 gold pieces
 71408 | D:10     | Bought a scroll of enchant weapon for 120 gold pieces
 71408 | D:10     | Bought a scroll of blinking for 120 gold pieces
 71408 | D:10     | Bought a scroll of enchant armour for 120 gold pieces
 71459 | Lair:1   | Acquired the ring of the Sky {rN++ EV+4 Slay-3 SInv}
 74175 | Vaults:2 | Reached skill level 10 in Fighting
 74559 | Vaults:3 | Noticed Margery
 74561 | Vaults:3 | Found Neoguip's Antique Armour Boutique.
 74573 | Vaults:3 | Killed Margery
 75557 | Vaults:3 | Found a staircase to the Crypt.
 75557 | Vaults:3 | Found an ancient bone altar of Kikubaaqudgha.
 75558 | Vaults:3 | Found a basalt altar of Yredelemnul.
 75565 | Crypt:1  | Entered Level 1 of the Crypt
 77837 | Vaults:4 | Reached XP level 22. HP: 132/132 MP: 47/47
 80229 | Crypt:1  | Reached skill level 5 in Short Blades
 80946 | Crypt:3  | Entered Level 3 of the Crypt
 81018 | Crypt:3  | Found a staircase to the Tomb.
 81131 | Crypt:2  | Identified the +5 dire flail of Diet Blood {pain, Str+6
                  | SInv}
 84088 | Crypt:3  | Reached XP level 23. HP: 136/136 MP: 27/49
 84368 | Crypt:3  | Found a shimmering altar of Xom.
 84657 | Crypt:3  | Learned a level 8 spell: Borgnjor's Revivification
 84857 | Crypt:3  | Noticed a curse toe
 84876 | Crypt:3  | Killed a curse toe
 85332 | Crypt:3  | Found a basalt altar of Yredelemnul.
 85336 | Crypt:3  | Found an ancient bone altar of Kikubaaqudgha.
 85353 | Crypt:3  | Identified the ring of Asceticism {*Slow +Blink Dex+6
                  | Slay+2}
 85746 | Tomb:1   | Entered Level 1 of the Tomb of the Ancients
 86558 | Tomb:1   | Noticed a royal mummy
 86569 | Tomb:1   | Killed a royal mummy
 87813 | Snake:4  | Bought a book of Annihilations for 720 gold pieces
 87899 | Slime:1  | Entered Level 1 of the Pits of Slime
 91258 | Slime:5  | Entered Level 5 of the Pits of Slime
 91500 | Slime:4  | Reached XP level 24. HP: 88/141 MP: 15/49
 91631 | Slime:4  | Learned a level 9 spell: Fire Storm
 93164 | Slime:5  | Noticed the Royal Jelly
 93168 | Slime:5  | Killed the Royal Jelly
 93365 | Slime:5  | Identified the +5 flail "Waogrea" {pain, Str+4}
 93378 | Slime:5  | Got a slimy rune of Zot
 93379 | Slime:5  | Identified the +12 dagger "Demonslayer" {freeze, Fly rF+
                  | Dex+2}
 93403 | Slime:5  | Identified the ring "Lodoffeu" {rF+ Str+4 SInv}
 93436 | Slime:5  | Identified the +5 short sword of Anguish {drain, rPois}
 93456 | Slime:5  | Identified the +1 trident "Leviticus" {protect, *Noise rC+
                  | rN+ Str-3 Int+5}
 93494 | Slime:5  | Identified the ring of Qupsoesm {rElec rCorr Str+3 Dex+6}
 93503 | Slime:5  | Identified the +11 whip of No Interval {freeze, rCorr Str+3
                  | Dex-5}
 93519 | Slime:5  | Identified the +5 scimitar "Kad Sian" {vorpal, rElec rC+
                  | rN+ Stlth-}
 94431 | Depths:4 | Entered Level 4 of the Depths
 95235 | Depths:4 | Found an ornate altar of the Wu Jian Council.
 95956 | Depths:4 | Found a gate to the Realm of Zot.
 96823 | Depths:4 | Found Wakonlod's Jewellery Shop.
 96824 | Depths:4 | Found Onystod's Book Emporium.
 96825 | Depths:4 | Found Qoriqola's Jewellery Shop.
 97011 | Vaults:4 | Upgraded the game from 0.29-a0-362-g5854e031c7 to
                  | 0.29-a0-364-g921d912d32
 97062 | Vaults:5 | Entered Level 5 of the Vaults
 98334 | Vaults:5 | Reached XP level 25. HP: 129/146 MP: 2/50
 98335 | Vaults:5 | Identified the +4 flail "Qataix" {elec, *Rage rF- rN+
                  | Dex+8}
 99245 | Vaults:5 | Identified the +1 swamp dragon scales of Ifakk {+Inv rPois
                  | rCorr Dex-5}
 99470 | Vaults:5 | Identified the +4 leather armour of Efrios {rCorr}
 99970 | Vaults:5 | Identified the ring "Usaoviam" {rF+ rCorr}
100107 | Vaults:5 | Found Doduet's Assorted Antiques.
100118 | Vaults:5 | Got a silver rune of Zot
100593 | Depths:3 | Voluntarily entered the Abyss.
100593 | Abyss:1  | Found a corrupted altar of Lugonu.
100779 | Abyss:2  | Found a corrupted altar of Lugonu.
103086 | Abyss:4  | Found a transporter.
103218 | Abyss:4  | HP: 7/174 [quicksilver dragon/bolt of dispelling energy
                  | (6)]
103222 | Depths:3 | Escaped the Abyss
103472 | Zig:1    | Entered Level 1 of a ziggurat
103535 | Zig:2    | Entered Level 2 of a ziggurat
103589 | Zig:3    | Entered Level 3 of a ziggurat
103629 | Zig:3    | Identified the +11 arbalest of the Open Hand {vorpal, rN+}
103746 | Zig:4    | Entered Level 4 of a ziggurat
103749 | Zig:4    | Noticed a Killer Klown
103756 | Zig:4    | Killed a Killer Klown
103928 | Zig:5    | Entered Level 5 of a ziggurat
103940 | Zig:5    | Reached XP level 26. HP: 152/152 MP: 51/51
103977 | Zig:6    | Entered Level 6 of a ziggurat
103985 | Zig:6    | Found the +9 sword of Zonguldrok {reap}
103989 | Zig:6    | Found the +13 scythe of Curses {drain, Drain}
103995 | Zig:6    | Identified the +1 spear of Poverty {drain, Str+4 Stlth+}
104012 | Zig:7    | Entered Level 7 of a ziggurat
104043 | Zig:7    | Identified the +7 shortbow of Blood {vorpal, Str+4 Int+3}
104048 | Zig:8    | Entered Level 8 of a ziggurat
104061 | Zig:8    | Noticed Jiag the pandemonium lord
104063 | Zig:8    | Identified the amulet of Woadin Beta {Faith rC+ Int+4
                  | Stlth+}
104065 | Zig:9    | Entered Level 9 of a ziggurat
104206 | Zig:9    | Found the +3 salamander hide armour {Flames rF++ rC--}
104211 | Zig:9    | Noticed Sunesac the pandemonium lord
104215 | Zig:9    | Killed Sunesac the pandemonium lord
104222 | Zig:10   | Entered Level 10 of a ziggurat
104395 | Zig:10   | Noticed Jeixaq the pandemonium lord
104397 | Zig:10   | Reached skill level 10 in Armour
104401 | Zig:11   | Entered Level 11 of a ziggurat
104559 | Zig:11   | Found the ring of the Tortoise {AC+8}
104573 | Zig:11   | Identified the +1 chain mail of Lugonu's Reproof {Str+3
                  | Int+4}
104575 | Zig:11   | Acquired a book of Dangerous Friends
104579 | Zig:11   | Identified the +8 dagger "Ycviy" {venom, Drain rCorr SInv}
104580 | Zig:11   | Identified the +0 pair of boots "Cevyffoo" {Regen+ Str+6
                  | Dex-2}
104602 | Zig:11   | Reached XP level 27. HP: 158/158 MP: 51/51
104604 | Zig:11   | Identified the ring "Fogg" {Fly rF- rN+ Dex+2}
104618 | Zig:11   | Learned a level 7 spell: Spellforged Servitor
104633 | Zig:12   | Entered Level 12 of a ziggurat
104639 | Zig:12   | Noticed Jurorgha the pandemonium lord
104639 | Zig:12   | Noticed Adantom the pandemonium lord
104641 | Zig:12   | Noticed Mystrev the pandemonium lord
104645 | Zig:12   | Slain by Adantom the pandemonium lord

Illustrated notes

Levels and vault maps discovered:
D:1:      eino_arrival_druids_welcome, layout_rooms, minmay_crystal_room,
          minmay_misc_feat_rugged, nicolae_wormholes
D:2:      layout_loops_ring, corexii_hall_statues_x, hangedman_decor_growths,
          minmay_octomino_c4
D:3:      layout_rooms, vehumet_altar_wand_db, nemelex_altar_shiori,
          basic_ecumenical_altar, kennysheep_generic_room_10
D:4:      layout_rooms, okawaru_trees_2, serial_shops, shop
D:5:      layout_gridville, minivault_27, st_stairs_12, uniq_sigmund,
          uniq_menkaure
D:6:      layout_cave_pools, mainiacjoe_overflow_alcove_4
D:7:      layout_gridville, general_overflow_altar, temple_fountains,
          dreamdust_princess_corridor, chequers_hall_statues_corner_a,
          uniq_pikel
D:8:      kennysheep_kobold_camp, layout_basic, zin_purify, serial_ice,
          serial_ice_j, serial_ice_o, serial_ice_a, serial_ice_b, serial_shops,
          shop
D:9:      layout_irregular_city, lemuel_doored_altar, hiddenorc2_lemuel,
          hangedman_decor_slide_cut, uniq_erica
D:10:     layout_small_grid, nicolae_dithmenos_the_darkroom,
          lemuel_crystal_altar, due_lair_maze_entry_diamond,
          nicolae_trove_entry_columns, serial_shops, nicolae_shop_stone
D:11:     layout_roguey, portal_ice_cave_demonic_guard, corexii_leaking_fountain
D:12:     layout_basic
D:13:     layout_basic, david_vaults_2
D:14:     layout_roguey, corexii_hall_statues_t, minmay_microvault
D:15:     gammafunk_depths_entry_grave, layout_irregular_city
Temple:   cyrus_circular_temple
Lair:1:   layout_layer_cave
Lair:2:   layout_regular_city, minmay_shoals_entry_beasts, st_stairs_4,
          serial_bayou_ford_a, beast_lair_carwin_6, uniq_amaemon, uniq_gastronok
Lair:3:   gammafunk_boulding_lane, layout_loops_ring, gauntlet_entry_generic,
          nicolae_quartered_pool_little
Lair:4:   layout_roguey, dummy_snake_entry, grunt_megastairs_5,
          infiniplex_staircase_pool_2, serial_bayou_shore_a
Lair:5:   layout_concentric_octagons, slime_altar_1, grunt_megastairs_2,
          serial_bayou_shore_b, lemuel_fruit_tree
Lair:6:   hellmonk_lair_end_abyssal_woods, layout_long_grid,
          small_statue_intersection, grunt_megastairs_4
Shoals:1: layout_shoals, serial_shops, statue_bzr
Shoals:2: layout_shoals, nicolae_shoals_circle_sea_wall
Shoals:3: layout_shoals, ebering_ghost_disaster_area, serial_shops,
          bzr_entry_water, nicolae_shop_crystal,
          nicolae_shop_overgrown_old_shop, nicolae_diamond_shop, shop,
          nicolae_shoals_spectral_cove, uniq_donald
Shoals:4: shoals_end_hellmonk_lost_city
Snake:1:  layout_rooms, basic_altar, chequers_hall_statues_wall_a
Snake:2:  layout_rooms, basic_altar, nicolae_snake_naga_rites
Snake:3:  layout_misc_corridors, nicolae_snake_omega
Snake:4:  snake_pit_salamanders_mu, layout_misc_corridors, minmay_shoptagon
Slime:1:  layout_caves
Slime:2:  layout_caves, special_room [special_room_jelly]
Slime:3:  layout_caves
Slime:4:  layout_caves, cheibrodos_slime_lost_civilization_5
Slime:5
Orc:1:    layout_caves
Orc:2:    st_orc_congregation, layout_caves, lightli_orcish_oven, uniq_jorgrun
Elf:1:    layout_loops_ring, evilmike_minifort, uniq_azrael
Elf:2:    elven_hall_of_blades_hangedman_original
          [nicolae_blade_entry_sentries_behind_glass], layout_rooms,
          serial_shops, nicolae_shop_crystal, hangedman_elf_power_crystal,
          fountainhead, uniq_roxanne
Elf:3:    minmay_elf_hall_four_x, layout_loops_corners, serial_shops, shop
Vaults:1: v_rooms_1, vaults_room_stairs_pillars, v_misc_12, grunt_vaults_twisty,
          vaults_dpeg_spiral, ontoclasm_vaults_chip, vaults_room_grid,
          nicolae_vaults_meeting, hangedman_vaults_slice,
          nicolae_vaults_rhombus_6, vaults_room_pool, v_misc_30,
          vaults_room_stairs_pillars, vaults_mumra_chevron,
          ontoclasm_vaults_hangar, layout_vaults_omnibox
Vaults:2: v_misc_4, vaults_standard_mumra_enter_the_diamond, v_misc_9,
          grunt_vaults_bifocal, vaults_mumra_hex, vaults_dpeg_diagonal,
          nicolae_vaults_circle_grid_a, nicolae_vaults_windows_and_doors_thing,
          ontoclasm_vaults_shout, hangedman_vaults_nodes,
          nicolae_vaults_angled_halls, ontoclasm_vaults_twist,
          layout_vaults_omnicross, serial_shops
Vaults:3: hangedman_vaults_nails, minmay_crypt_entry_necro_gods,
          grunt_vaults_funnel, hangedman_vaults_stitches,
          nicolae_vaults_puzzle_piece, v_pattern_4, v_misc_19,
          layout_vaults_chaotic_city, serial_shops, nicolae_shop_hallway_plus,
          uniq_margery
Vaults:4: v_rooms_2, vaults_room_octagon, nicolae_vaults_big_ls, kb_rosetta,
          vaults_room_octagon, v_misc_5, v_rooms_4, hangedman_vaults_trim,
          ontoclasm_vaults_chip, v_misc_14, nicolae_vaults_little_squares_4,
          layout_vaults_ring
Vaults:5
Crypt:1:  statuecave_lemuel, layout_regular_city, st_stairs_11, minivault_14,
          amcnicky_mini_rare_corridor_liquid, grunt_crypt_arrival_split
Crypt:2:  cheibrodos_crypt_draghalla, layout_misc_corridors, lemuel_elevator
Crypt:3:  lightli_unholy_cathedral, layout_chaotic_city, basic_altar,
          grunt_megastairs_3
Tomb:1
Depths:1: layout_cave_shapes, hell_entry, hangedman_decor_points, pan_entry,
          kennysheep_opposing_triangles
Depths:2: hangedman_cross_stitches, layout_honeycomb, grunt_gozag_statues,
          rand_demon_pan_entry_7, hell_entry
Depths:3: wad_arrow_thing, layout_cave_pools, enter_ziggurat_c, hell_entry,
          lemuel_crystal_altar, grunt_pan_entry_in_and_out,
          hangedman_abyss_entry_splay, st_stairs_5
Depths:4: grunt_zot_entry_tricorne, layout_basic, abyss_entry, hell_entry,
          nicolae_wu_jian_immortal_techniques, rand_demon_pan_entry_1,
          serial_bayou_shore_b, minmay_shop_grove
Zig:12

Skill      XL: |  1  2  3  4  5  6  7  8  9 10 11 12 13 14 15 16 17 18 19 20 21 22 23 24 25 26 27 |
---------------+----------------------------------------------------------------------------------+-----
Spellcasting   | 4 5 6 7 9 11 12 14 15 16 17 18 19 20 21 22 | 22.3
Conjurations   | 5 6 7 8 10 11 12 13 14 15 16 18 | 18.1
Earth Magic    | 4 5 8 9 11 13 | 13.2
Dodging        | 5 6 7 10 11 | 11.7
Fighting       | 3 4 5 7 11 12 | 12.5
Invocations    | 4 6 8 10 11 13 14 16 17 18 19 21 22 | 22.0
Evocations     | 3 5 6 9 10 11 | 11.7
Armour         | 3 4 6 8 9 10 11 | 11.0
Shields        | 1 2 3 4 |  4.6
Transmutations | 6 8 10 12 14 | 14.1
Long Blades    | 3 5 |  5.0
Stealth        | 6 8 15 16 18 20 | 20.4
Necromancy     | 1 6 9 10 11 14 | 14.1
Fire Magic     | 2 13 14 15 16 | 16.9
Short Blades   | 3 7 |  7.0

Action                   |  1- 3 |  4- 6 |  7- 9 | 10-12 | 13-15 | 16-18 | 19-21 | 22-24 | 25-27 || total
-------------------------+-------+-------+-------+-------+-------+-------+-------+-------+-------++-------
Melee: Short sword       |       |     6 |       |       |       |       |   192 |   250 |   166 ||   614
       Scimitar          |       |       |       |    12 |   193 |   190 |     9 |       |       ||   404
 Cast: Magic Dart        |    75 |    84 |    90 |   190 |   307 |   128 |    65 |   135 |    62 ||  1136
       Searing Ray       |     1 |    10 |     8 |    42 |    35 |    14 |     6 |       |       ||   116
       Stone Arrow       |       |     2 |    80 |   304 |   560 |    32 |    29 |    13 |       ||  1020
       Passwall          |       |       |       |     1 |     2 |     4 |       |       |       ||     7
       Iron Shot         |       |       |       |       |   105 |   517 |   386 |   378 |   189 ||  1575
       Statue Form       |       |       |       |       |    16 |    68 |    74 |    50 |    12 ||   220
       Blink             |       |       |       |       |       |     9 |     1 |     1 |       ||    11
       Ignite Poison     |       |       |       |       |       |     1 |       |       |       ||     1
       Lehudib's Crystal |       |       |       |       |       |       |   155 |   162 |    34 ||   351
       Ignition          |       |       |       |       |       |       |    22 |    82 |    32 ||   136
       Necromutation     |       |       |       |       |       |       |       |    51 |    23 ||    74
       Fire Storm        |       |       |       |       |       |       |       |     8 |     6 ||    14
       Spellforged Servi |       |       |       |       |       |       |       |       |     2 ||     2
Invok: Slouch            |       |       |       |       |     8 |     9 |     4 |     1 |     5 ||    27
       Step From Time    |       |       |       |       |     1 |       |       |       |     1 ||     2
       Bend Time         |       |       |       |       |       |       |     1 |       |       ||     1
 Abil: End Transformatio |       |       |       |       |       |       |       |     1 |     2 ||     3
Evoke: Wand              |       |       |     8 |     7 |    43 |    94 |    12 |    26 |    18 ||   208
       Condenser vane    |       |       |       |       |     1 |     3 |       |     1 |     1 ||     6
  Use: Scroll            |     7 |     8 |     6 |    14 |    10 |    12 |    16 |     7 |    13 ||    93
       Potion            |       |       |     2 |     3 |     4 |     2 |    11 |     4 |    11 ||    37
 Stab: Sleeping          |       |       |       |     2 |     1 |     2 |    33 |    28 |     2 ||    68
       Paralysed         |       |       |       |       |    12 |     3 |       |       |       ||    15
       Distracted        |       |       |       |       |       |     1 |     2 |     1 |     6 ||    10
       Invisible         |       |       |       |       |       |       |       |       |     2 ||     2
Armor: Robe              |     2 |     7 |    18 |    65 |       |       |       |       |       ||    92
       Troll leather arm |       |       |       |    34 |   179 |    34 |    47 |   105 |    45 ||   444
       Skin              |       |       |       |       |    72 |   339 |   231 |    89 |    54 ||   785
Dodge: Dodged            |     2 |    12 |    30 |   209 |   640 |   878 |   593 |   492 |   233 ||  3089
Block: Buckler           |       |       |       |     6 |   225 |   439 |   362 |   280 |    72 ||  1384
       Reflection        |       |       |       |       |       |    53 |    17 |    10 |     1 ||    81

Table legend: (Time is in decaauts)
 A = Elapsed time spent in this place.
 B = Non-inter-level travel time spent in this place.
 C = Inter-level travel time spent in this place.
 D = Time resting spent in this place.
 E = Time spent auto-exploring this place.
 F = Levels seen in this place.
 G = Mean time per level.
                   A        B        C        D        E       F      G
               +--------+--------+--------+--------+--------+-----+--------+
         Total | 146443 | 137849 |   8594 |  45587 |  66523 |  73 | 2006.1 |
       Dungeon |  33082 |  29909 |   3173 |  11184 |  14930 |  15 | 2205.5 |
        Temple |     77 |     66 |     11 |      0 |     42 |   1 |   77.0 |
          Lair |  17963 |  16593 |   1370 |   4946 |   9944 |   6 | 2993.8 |
        Shoals |   9796 |   9383 |    413 |   2875 |   4729 |   4 | 2449.0 |
     Snake Pit |  10303 |   9782 |    521 |   3067 |   3934 |   4 | 2575.8 |
    Slime Pits |   7875 |   7599 |    276 |   3019 |   3522 |   5 | 1575.0 |
  Orcish Mines |   4233 |   4039 |    194 |   1246 |   1950 |   2 | 2116.5 |
   Elven Halls |   9794 |   9498 |    296 |   2852 |   4456 |   3 | 3264.7 |
        Vaults |  20745 |  19612 |   1133 |   6559 |   8764 |   5 | 4149.0 |
         Crypt |   9945 |   9532 |    413 |   2407 |   5479 |   3 | 3315.0 |
          Tomb |   2844 |   2662 |    182 |    559 |    974 |   1 | 2844.0 |
        Depths |  13105 |  12499 |    606 |   4535 |   6030 |   4 | 3276.2 |
         Abyss |   4221 |   4221 |      0 |   1481 |   1412 |   5 |  844.2 |
      Ziggurat |   1559 |   1559 |      0 |    756 |     44 |  12 |  129.9 |
        Bazaar |    324 |    324 |      0 |      0 |    162 |   2 |  162.0 |
      Gauntlet |    570 |    570 |      0 |     97 |    145 |   1 |  570.0 |
               +--------+--------+--------+--------+--------+-----+--------+

Top non-repeatable levels by time:
Vaults:4: 5576 daAuts
Vaults:1: 4802 daAuts
   Elf:3: 4365 daAuts
  Lair:6: 4269 daAuts
Depths:2: 4155 daAuts
    D:13: 3981 daAuts
 Crypt:3: 3716 daAuts
   Elf:2: 3691 daAuts
    D:15: 3588 daAuts
Vaults:2: 3528 daAuts
Vaults:3: 3466 daAuts
     D:8: 3447 daAuts
Shoals:4: 3426 daAuts
Vaults:5: 3371 daAuts
   Orc:2: 3366 daAuts
